 Dungeon Crawl Stone Soup version 0.24-a0-226-gca05e9d (webtiles) character file.

Game seed: 8966240292490565977

38 mopl the Skirmisher (level 3, 1/30 HPs)
             Began as a Merfolk Abyssal Knight on Mar 31, 2019.
             Was a Follower of Lugonu.
             Quit the game on level 2 of the Dungeon.
             The game lasted 00:01:57 (711 turns).

mopl the Skirmisher (Merfolk Abyssal Knight)         Turns: 711, Time: 00:01:58

Health: 1/30       AC:  3    Str: 12    XL:     3   Next: 43%
Magic:  5/5        EV: 12    Int: 11    God:    Lugonu [*.....]
Gold:   115        SH:  0    Dex: 14    Spells: 2/2 levels left

rFire    . . .     SeeInvis .   a - +1 falchion
rCold    . . .     Gourm    .   (no shield)
rNeg     . . .     Faith    .   i - +0 leather armour
rPois    .         Spirit   .   (no helmet)
rElec    .         Reflect  .   (no cloak)
rCorr    .         Harm     .   (no gloves)
MR       .....                  (no boots)
Stlth    +.........             (no amulet)
HPRegen  0.10/turn              f - ring of wizardry
MPRegen  0.09/turn              (no ring)

@: lethally poisoned (1 -> -4)
A: change form in water, swift swim, stealthy swim
a: Depart the Abyss, Renounce Religion


You were on level 2 of the Dungeon.
You worshipped Lugonu.
Lugonu was aware of your devotion.
You were not hungry.

You visited 1 branch of the dungeon, and saw 2 of its levels.
You visited the Abyss 1 time.

You collected 115 gold pieces.

Inventory:

Hand Weapons
 a - a +1 falchion (weapon)
 b - a +0 hunting sling of flaming
Missiles
 k - 20 stones (quivered)
Armour
 h - a +0 buckler
 i - a +0 leather armour (worn)
Jewellery
 f - a ring of wizardry (left hand)
Scrolls
 d - a scroll of fog {unknown}
 e - a scroll of enchant armour {unknown}
 j - 4 scrolls of teleportation {unknown}
 l - a scroll of identify {unknown}
Comestibles
 c - 4 rations
 g - 3 chunks of flesh


   Skills:
 + Level 4.1 Fighting
 - Level 2.1 Long Blades
 - Level 0.6 Armour
 - Level 2.6 Dodging
 + Level 3.1 Invocations


You had 2 spell levels left.
You didn't know any spells.
Your spell library was empty.

Dungeon Overview and Level Annotations

Branches:
Dungeon (2/15)

Altars:

Annotations:
D:2 Sigmund


Message History

You kill the adder!
Lugonu accepts your kill.
* * * LOW HITPOINT WARNING * * *
You feel sick.
Unknown command.
You aren't carrying any potions.
* * * LOW HITPOINT WARNING * * *
You feel sick.
You climb downwards.
Level annotation: Sigmund
* * * LOW HITPOINT WARNING * * *
You feel sick.
There is a stone staircase leading up here.
Unknown command.
Unknown command.
* * * LOW HITPOINT WARNING * * *
You feel sick.
* * * LOW HITPOINT WARNING * * *
You feel sick.
Are you sure you want to abandon this character and quit the game? (Confirm with "yes".)

###...####..
##.....####..####
#.......#........
#....!..#........
#.$.....#.!......
##...............
#.............##
#.(.....#......#
#........@##.##
##............##
##......###....#
###.##<........
#.#####....## ..#
...# ...# #.#
.... . ....


There were no monsters in sight!

Vanquished Creatures
  2 adders (D:1)
  2 dart slugs (D:1)
  A giant cockroach (D:1)
  3 goblins (D:1)
  A hobgoblin (D:1)
  A kobold (D:1)
  2 bats (D:1)
  2 frilled lizards (D:1)
  4 rats (D:1)
18 creatures vanquished.

Notes
Turn   | Place    | Note
-------+----------+-------------------------------------------
     0 | Abyss:1  | mopl the Merfolk Abyssal Knight began the quest for the
                  | Orb.
     0 | Abyss:1  | Reached XP level 1. HP: 18/18 MP: 2/2
    67 | Abyss:1  | Noticed a thrashing horror
    71 | D:1      | Escaped the Abyss
   205 | D:1      | Reached XP level 2. HP: 24/24 MP: 3/3
   278 | D:1      | Reached * piety under Lugonu
   535 | D:2      | Noticed Sigmund
   703 | D:1      | Reached skill level 4 in Fighting
   703 | D:1      | Reached skill level 3 in Invocations
   703 | D:1      | Reached XP level 3. HP: 10/30 MP: 5/5
   710 | D:2      | HP: 1/30 [poisoned by an adder]
   711 | D:2      | Quit the game

Levels and vault maps discovered:
D:1:      tarquinn_simple_flora_water_e, layout_rooms, minmay_pentomino_x4
D:2:      minmay_alternating_diamond, layout_rooms, uniq_sigmund, uniq_robin
Abyss:1

Skill      XL: |  1  2 |
---------------+-------+-----
Fighting       | 4 |  4.1
Invocations    | 3 |  3.1
Long Blades    | |  2.1
Armour         | |  0.6
Dodging        | |  2.6

Action                   || total
-------------------------++-------
Melee: Falchion          ||    38
 Fire: Hunting sling     ||     2
Invok: Depart the Abyss  ||     1
Armor: Leather armour    ||    18
Dodge: Dodged            ||    25
       Rpst.: Falchion   ||     8

Table legend:
 A = Non-vault XP
 B = Vault XP
 C = Vault XP percentage of total XP
 D = Non-vault monster count
 E = Vault monster count
 F = Vault count percentage of total count
                 A         B        C        D         E       F
            +---------+---------+-------+---------+---------+-------
      Total |      50 |       5 |   9.1 |      16 |       2 |  11.1
            +---------+---------+-------+---------+---------+-------
        D:1 |      50 |       5 |   9.1 |      16 |       2 |  11.1
            +---------+---------+-------+---------+---------+-------
